 Dungeon Crawl Stone Soup version 0.27-a0-1202-ge72e49191c (webtiles) character file.

Game seed: 5816218661748438246

589 rjrrt the Chopper (level 7, -6/78 HPs)
             Began as a Demonspawn Berserker on June 4, 2021.
             Was a Priest of Trog.
             Mangled by a gnoll sergeant
             ... wielding a +3 trident of venom
              (10 damage)
             ... on level 5 of the Dungeon.
             The game lasted 00:05:50 (4257 turns).

rjrrt the Chopper (Demonspawn Berserker)            Turns: 4257, Time: 00:05:51

Health: -6/78      AC: 10    Str: 20    XL:     7   Next: 15%
Magic:  7/7        EV: 10    Int:  8    God:    Trog [***...]
Gold:   23         SH:  4    Dex: 12    Spells: 6/6 levels left

rFire    . . .     SeeInvis .   a - +0 hand axe
rCold    . . .     Faith    .   (no shield)
rNeg     + . .     Spirit   .   q - +0 scale mail
rPois    .         Reflect  .   (no helmet)
rElec    .         Harm     .   (no cloak)
rCorr    .         Rampage  .   g - +0 pair of gloves
Will     .....                  i - +2 pair of boots
Stlth    ..........             (no amulet)
HPRegen  0.23/turn              p - ring of positive energy
MPRegen  0.10/turn              (no ring)

@: berserking (expiring), lethally poisoned (-6 -> -26), very quick
A: hooves 1, large bone plates 1, spiny 1
a: Renounce Religion, Berserk, Trog's Hand


You were on level 5 of the Dungeon.
You worshipped Trog.
Trog was most pleased with you.
You visited 1 branch of the dungeon, and saw 5 of its levels.

You collected 140 gold pieces.
You spent 117 gold pieces at shops.

Inventory:

Hand Weapons
 a - a +0 hand axe (weapon)
 o - a +0 war axe
 s - a +0 spear
Missiles
 v - 4 poisoned darts (quivered)
Armour
 g - a +0 pair of gloves (worn)
 i - a +2 pair of boots (worn)
 q - a +0 scale mail (worn)
 r - a +0 chain mail
Jewellery
 p - a ring of positive energy (left hand)
Wands
 t - a wand of acid (7)
Scrolls
 d - a scroll of summoning {unknown}
 f - 4 scrolls of identify {unknown}
 h - 2 scrolls of blinking {unknown}
 j - a scroll of teleportation {unknown}
 l - a scroll of immolation {unknown}
 m - a scroll of holy word {unknown}
 n - a scroll of enchant armour {unknown}
Potions
 b - a potion of attraction {unknown}
 c - a potion of lignification {unknown}
 e - 4 potions of curing
 k - a potion of berserk rage {unknown}
 u - a potion of brilliance {unknown}
 w - a potion of heal wounds


   Skills:
 - Level 3.0 Fighting
 + Level 7.6 Axes
 - Level 1.7 Armour
 - Level 1.7 Dodging


You had 6 spell levels left.
You didn't know any spells.
Your spell library was empty.

Dungeon Overview and Level Annotations

Branches:
Dungeon (5/15)
 Temple: D:4-7

Altars:
Fedhas
Hepliaklqana

Shops:
D:1 !


Innate Abilities, Weirdness & Mutations

You have large cloven feet.
You are partially covered in large bone plates. (SH +4)
You are partially covered in sharp spines.


Message History

The gnoll is lightly wounded.
You hit the gnoll sergeant but do no damage.
You feel very sick.
The gnoll sergeant hits you with a +3 trident of venom.
You are more poisoned.
You are too injured to fight recklessly!
Unknown command.
You are too injured to fight recklessly!
Unknown command.
You are too injured to fight recklessly!
You are too injured to fight recklessly!
Unknown command.
You are too injured to fight recklessly!
You barely miss the gnoll sergeant.
The gnoll sergeant is heavily wounded.
You slash the gnoll!
You feel very sick. The gnoll hits you with a +0 club.
The gnoll sergeant hits you with a +3 trident of venom!
* * * LOW HITPOINT WARNING * * *
You are more poisoned.
The gnoll sergeant blocks your attack.
The gnoll sergeant is heavily wounded.
You hit the gnoll.
You kill the gnoll!
Trog accepts your kill.
* * * LOW HITPOINT WARNING * * *
You feel very sick.
Unknown command.
You barely miss the gnoll sergeant.
The gnoll sergeant is heavily wounded.
* * * LOW HITPOINT WARNING * * *
You feel very sick. You block the gnoll sergeant's attack.
The gnoll sergeant blocks your attack.
The gnoll sergeant is heavily wounded.
* * * LOW HITPOINT WARNING * * *
You feel very sick.
The gnoll sergeant hits you with a +3 trident of venom!
You die...

#.#..#....##.#
#.#..#.##.##.#
#.#..#.##.##.#
#.#..#.##.##.#
###+##..#.##.#
#..#.##.#
#<..[<#.#
#...)>#.#
#..#g@#.#
#..#.)#.#
####..#.#
#.......#
#.....###
#####....##
..........#####
#######.........#
#...............#


You could see a gnoll sergeant.

Vanquished Creatures
  An ogre (D:5)
  A centaur (D:3)
  A scorpion (D:5)
  A bullfrog zombie (D:5)
  A hound (D:3)
  An orc priest (D:3)
  A jelly (D:5)
  A scorpion zombie (D:5)
  7 gnolls
  4 adders
  A white imp (D:5)
  A worm (D:2)
  7 dart slugs
  6 orcs
  5 ball pythons
  6 bats
  9 endoplasms
  2 giant cockroaches
  6 goblins
  6 hobgoblins
  7 jackals
  9 kobolds
  4 quokkas
  2 frilled lizards
  5 rats
95 creatures vanquished.

Vanquished Creatures (others)
  An orc (D:5)
1 creature vanquished.

Grand Total: 96 creatures vanquished

Notes
Turn   | Place    | Note
-------+----------+-------------------------------------------
     0 | D:1      | rjrrt the Demonspawn Berserker began the quest for the Orb.
     0 | D:1      | Reached XP level 1. HP: 18/18 MP: 1/1
    83 | D:1      | Found Zafuw's Distillery.
   200 | D:1      | Reached skill level 3 in Axes
   351 | D:1      | Gained mutation: You have large cloven feet. [demonic
                  | ancestry]
   351 | D:1      | Reached XP level 2. HP: 24/24 MP: 2/2
   814 | D:1      | Found a faded altar of an unknown god.
   861 | D:1      | Reached XP level 3. HP: 22/29 MP: 3/3
   949 | D:1      | Reached ** piety under Trog
  1204 | D:2      | Reached skill level 4 in Axes
  1819 | D:2      | Reached XP level 4. HP: 35/35 MP: 4/4
  2082 | D:3      | Noticed a centaur
  2367 | D:3      | Killed a centaur
  2368 | D:3      | Reached skill level 5 in Axes
  2368 | D:3      | Gained mutation: You are partially covered in sharp spines.
                  | [demonic ancestry]
  2368 | D:3      | Reached XP level 5. HP: 41/41 MP: 5/5
  2613 | D:3      | Reached skill level 6 in Axes
  2814 | D:3      | Found a hazy altar of Hepliaklqana.
  3194 | D:4      | Reached XP level 6. HP: 47/47 MP: 6/6
  3376 | D:4      | Reached *** piety under Trog
  3412 | D:4      | Found a blossoming altar of Fedhas.
  3812 | D:1      | Bought a potion of curing for 39 gold pieces
  3812 | D:1      | Bought a potion of heal wounds for 65 gold pieces
  3812 | D:1      | Bought a potion of degeneration for 13 gold pieces
  3874 | D:5      | Entered Level 5 of the Dungeon
  4057 | D:5      | Reached skill level 7 in Axes
  4164 | D:5      | Gained mutation: You are partially covered in large bone
                  | plates. (SH +4) [demonic ancestry]
  4164 | D:5      | Reached XP level 7. HP: 52/52 MP: 7/7
  4257 | D:5      | Mangled by a gnoll sergeant

Illustrated notes

Levels and vault maps discovered:
D:1:      roderic_crop_circles_arrival_small, layout_loops_cross, serial_shops,
          shop_fountains, chequers_ecumenical_altar_island,
          chequers_serial_rivers_micro_a, minmay_misc_feat_iff,
          nrook_loot_triangle, minmay_misc_feat_pillars, minmay_quantized
D:2:      layout_rooms
D:3:      layout_rooms, nicolae_hepliaklqana_hippocampus
D:4:      layout_cave_pools, fedhas_altar_2
D:5:      layout_basic, nicolae_wu_jian_immortal_techniques,
          ebering_ghost_reflecting_pool, fountainhead

Skill      XL: |  1  2  3  4  5  6 |
---------------+-------------------+-----
Axes           | 3 4 5 6 7 |  7.6
Fighting       | |  3.0
Armour         | |  1.7
Dodging        | |  1.7

Action                   |  1- 3 |  4- 6 |  7- 9 || total
-------------------------+-------+-------+-------++-------
Melee: Hand axe          |    97 |    97 |    17 ||   211
       Kick              |    20 |       |       ||    20
Throw: Dart              |       |     4 |       ||     4
Invok: Berserk           |     2 |     5 |     2 ||     9
Armor: Animal skin       |    18 |       |       ||    18
       Leather armour    |    26 |    13 |       ||    39
       Scale mail        |       |    24 |     1 ||    25
Dodge: Dodged            |    67 |    41 |     7 ||   115
Block: Other             |       |       |     1 ||     1

Table legend: (Time is in decaauts)
 A = Elapsed time spent in this place.
 B = Non-inter-level travel time spent in this place.
 C = Inter-level travel time spent in this place.
 D = Time resting spent in this place.
 E = Time spent auto-exploring this place.
 F = Levels seen in this place.
 G = Mean time per level.
                   A        B        C        D        E       F      G
               +--------+--------+--------+--------+--------+-----+--------+
         Total |   4336 |   4090 |    246 |    498 |   2936 |   5 |  867.2 |
       Dungeon |   4336 |   4090 |    246 |    498 |   2936 |   5 |  867.2 |
               +--------+--------+--------+--------+--------+-----+--------+

Top non-repeatable levels by time:
     D:2: 1246 daAuts
     D:1: 1225 daAuts
     D:3: 835 daAuts
     D:4: 684 daAuts
     D:5: 345 daAuts
